 Dungeon Crawl Stone Soup version 0.32-a0-928-g1cae6b7ea0 (webtiles) character file.

Game seed: 7289400007377333279

11946 bananaken the Destroyer (level 11, 0/102 HPs)
             Began as a Gargoyle Fire Elementalist on Apr 12, 2024.
             Was a High Priest of Vehumet.
             Slain by dynoo's ghost (21 damage)
             ... on level 9 of the Dungeon.
             The game lasted 00:59:54 (9246 turns).

bananaken the Destroyer (GrFE)                      Turns: 9246, Time: 00:59:57

Health: 0/102      AC: 25    Str: 15      XL:     11   Next: 85%
Magic:  12/16      EV:  2    Int: 26      God:    Vehumet [*****.]
Gold:   515        SH:  0    Dex:  7 (9)  Spells: 1/17 levels left

rFire   . . .        I - +1 dagger (elec)
rCold   . . .        M - orb {guile}
rNeg    + . .        Q - melded +2 robe {Will+}
rPois   ∞            D - melded +1 helmet
rElec   .            o - melded +0 cloak
rCorr   .            c - melded +1 pair of gloves {Stlth+}
SInv    .            (boots currently unavailable)
Will    .....        t - amulet of magic regeneration
Stlth   ++           q - +5 ring of evasion
HPRegen 0.37/turn    G - +6 ring of intelligence
MPRegen 0.55/turn

%: no passive effects
@: brilliant, tree-form
A: stationary, stasis, torment immunity, boosted hp, sickness immunity, AC +8,
negative energy resistance 1, (electricity resistance), torment resistance 1,
petrification resistance, (big wings), strong 1
a: Renounce Religion


You were on level 9 of the Dungeon.
You worshipped Vehumet.
Vehumet was extremely pleased with you.
You were a tree.
You visited 2 branches of the dungeon, and saw 10 of its levels.
You also visited: Ossuary and Bailey.

You collected 515 gold pieces.

Inventory:

Hand Weapons
 a - a +2 whip of venom
 I - a +1 dagger of electrocution (weapon)
Missiles
 e - 32 poisoned darts (quivered)
Armour
 c - a +1 pair of gloves of stealth (melded)
 o - a +0 cloak (melded)
 D - a +1 helmet (melded)
 M - an orb of guile (worn)
 Q - a +2 robe of willpower (melded)
Jewellery
 g - the amulet of the Air {Inacc Air Fly rElec RMsl}
   (You found it in a bailey)

   [amulet of nothing]

   Inacc:     It reduces the accuracy of your attacks and spells.
   Air:       It enhances your air magic.
   rElec:     It insulates you from electricity.
   Fly:       It grants you flight.
   RMsl:      It protects you from missiles.
 i - an amulet of the acrobat
 q - a +5 ring of evasion (left branch)
 r - a ring of see invisible
 t - an amulet of magic regeneration (around neck)
 E - a ring of resist corrosion
 G - a +6 ring of intelligence (right branch)
Wands
 n - a wand of warping (19)
 H - a wand of mindburst (20)
 J - a wand of acid (3)
 O - a wand of paralysis (4)
Scrolls
 h - 3 scrolls of teleportation
 k - 4 scrolls of fear
 m - 4 scrolls of blinking
 s - 4 scrolls of vulnerability
 w - 3 scrolls of immolation
 x - 3 scrolls of noise
 y - 3 scrolls of identify
 F - a scroll of enchant armour
 L - a scroll of summoning
Potions
 b - a potion of magic
 d - a potion of brilliance
 f - 3 potions of lignification
 j - a potion of haste
 l - 4 potions of heal wounds
 p - 3 potions of curing
 v - 4 potions of enlightenment
 z - 2 potions of berserk rage {unknown}
 A - 2 potions of invisibility {unknown}
 C - 4 potions of might {unknown}
 K - 2 potions of mutation
 N - a potion of cancellation {unknown}
 P - a potion of attraction {unknown}


   Skills:
 - Level 8.1 Fighting
 + Level 8.4 Short Blades
 - Level 3.0 Maces & Flails
 - Level 3.0 Dodging
 - Level 2.1 Stealth
 + Level 3.5 Spellcasting
 + Level 10.4 Conjurations
 - Level 6.0 Fire Magic
 - Level 4.0 Air Magic
 - Level 5.0 Evocations


You had one spell level left.
You knew the following spells:

 Your Spells              Type           Power      Damage    Failure   Level
a - Foxfire               Conj/Fire      100%       2x1d9     1%          1
b - Scorch                Fire           100%       2d9       1%          2
c - Flame Wave            Conj/Fire      63%        2d15      1%          4
d - Static Discharge      Conj/Air       100%       3-8/arc   1%          2
e - Orb of Destruction    Conj           36%        9d11      26%         7

Your spell library contained the following spells:

 Spells                   Type           Power      Damage    Failure   Level
 Inner Flame              Hex/Fire       30%        N/A       2%          3
 Volatile Blastmotes      Fire/Tloc      60%        2d15      2%          3
 Olgreb's Toxic Radiance  Alch           6%         N/A       22%         4
 Fugue of the Fallen      Necr           6%         N/A       26%         3
 Ozocubu's Armour         Ice            6%         N/A       26%         3
 Summon Forest            Summ/Tloc      3%         N/A       94%         5
 Summon Mana Viper        Hex/Summ       6%         N/A       94%         5
 Summon Cactus Giant      Summ           3%         N/A       100%        6
 Manifold Assault         Tloc           3%         N/A       100%        7
 Ozocubu's Refrigeration  Ice            3%         4d8       100%        7
 Discord                  Hex            3%         N/A       100%        8


Dungeon Overview and Level Annotations

Branches:
Dungeon (9/15)             Temple (1/1) D:4            Lair (0/5) D:9
    Orc (0/2) D:9         Ossuary (visited)          Bailey (visited)

Altars:
Ashenzari
Cheibriados
Dithmenos
Elyvilon
Fedhas
Hepliaklqana
Kikubaaqudgha
Makhleb
Nemelex Xobeh
Okawaru
Qazlal
Ru
Sif Muna
Trog
Uskayaw
Vehumet
Wu Jian
Xom
Yredelemnul
Zin
The Shining One

Shops:
D:2 [(=:[   D:5 (

Annotations:
D:9 dynoo's ghost, novice TrCK


Innate Abilities, Weirdness & Mutations

You are a tree.
Your roots penetrate the ground, keeping you stationary.
You cannot be teleported.
You are immune to unholy pain and torment.
Your maximum health is greatly increased.
Your equipment is partially melded.
You are immune to sickness and miasma.
((Your stone body is resilient. (AC +8)))
You are immune to poison.
You resist negative energy. (rN+)
((You are resistant to electric shocks. (rElec)))
You are resistant to unholy torment.
You are immune to petrification.
((Your large and strong wings let you fly.))
Your muscles are strong. (Str +4, Int/Dex -1)


Message History

Casting: Static Discharge (safe; 1% risk of failure)
Confirm with . or Enter, or press ? or * to list all spells.
Casting: Flame Wave (mildly dangerous; 1% risk of failure)
Press: ? - help, Dir - look around, f - activate You feel a surge of power!
A wave of flame ripples out!
The flame wave engulfs the centaur warrior zombie!!
You destroy the centaur warrior zombie!
Vehumet accepts your kill.
You feel your power returning.
The flame wave engulfs dynoo's ghost!
Dynoo's ghost is moderately damaged. (Press . to intensify the flame waves.) Dynoo's ghost hits you but does no damage.
You feel your dexterity returning.
A wave of flame ripples out!
The flame wave engulfs dynoo's ghost!
Dynoo's ghost is heavily damaged.
Dynoo's ghost hits you!!
* * * LOW HITPOINT WARNING * * *
Unknown command.
A wave of flame ripples out!
The flame wave engulfs dynoo's ghost!
Dynoo's ghost is severely damaged.
Dynoo's ghost hits you!
* * * LOW HITPOINT WARNING * * *
Unknown command.
Casting: Flame Wave (mildly dangerous; 1% risk of failure)
Confirm with . or Enter, or press ? or * to list all spells.
You feel a surge of power!
Flames lash dynoo's ghost.
Dynoo's ghost is severely damaged.
Dynoo's ghost's fire resistance burns away.
Dynoo's ghost hits you.
* * * LOW HITPOINT WARNING * * *
Casting: Scorch (safe; 1% risk of failure)
Confirm with . or Enter, or press ? or * to list all spells.
Casting: Flame Wave (mildly dangerous; 1% risk of failure)
Press: ? - help, Dir - look around, f - activate You feel a surge of power!
A wave of flame ripples out!
The flame wave engulfs dynoo's ghost!
Dynoo's ghost is burned terribly!
Dynoo's ghost is almost destroyed. (Press . to intensify the flame waves.) Dynoo's ghost hits you!!
You die...

###############################
..............................###
................................#
#####..################.~≈~≈~§~.#
#..# #.~#####~.#
#####..################.~#...#§.#
.................W......~#.∩.#≈.#
................♣.......≈#.[.#W..
#####.........####..#...~##)##~..
#.........# #..#...~~~))~~..
#.........# #..##...........
#.........# #..########..#.. #
#.........# #..# #....#
#####......########## #..###
.).........#..#.#..#########..#
P..........##.$?).##..........#


You could see dynoo's ghost (combustible).

Vanquished Creatures
  2 two-headed ogres
  A centaur zombie (D:9)
  A gargoyle (Bailey)
  A komodo dragon (D:9)
  Psyche (D:8)
  A troll (D:9)
  2 hornets (D:9)
  Grinder (D:6)
  A vampire (Bailey)
  2 centaur simulacra (D:9)
  A wraith (D:9)
  16 yaks
  A steam dragon (D:6)
  2 wyverns (D:9)
  Duvessa (D:6)
  3 water moccasins (D:9)
  2 sky beasts (D:8)
  3 orc warriors
  A black bear (D:9)
  An ice beast (D:6)
  5 ogres
  4 centaurs
  A phantom (D:7)
  A kobold brigand (D:7)
  6 bullfrogs
  4 scorpions
  5 wights (D:9)
  4 water moccasin zombies (Ossuary)
  A burial acolyte (Ossuary)
  Dowan (D:6)
  6 vampire bats (Bailey)
  5 wolf zombies (Bailey)
  8 howler monkeys
  2 bombardier beetles (D:4)
  Crazy Yiuf (D:2)
  2 jellies (D:6)
  A spectral scorpion (Ossuary)
  A gnoll bouda (D:8)
  6 orc priests
  2 hounds
  A spectral boggart (D:9)
  4 iguanas
  Jessica (D:2)
  2 sleepcaps
  6 orc wizards
  A crocodile zombie (Ossuary)
  3 mummies
  14 gnolls
  5 adders
  A shadow imp (D:6)
  A white imp (D:5)
  2 adder zombies (Ossuary)
  6 dart slugs
  2 ribbon worms (D:4)
  20 orcs
  7 endoplasms
  6 giant cockroaches
  11 goblins
  5 hobgoblins
  8 jackals
  5 quokkas
  11 ball pythons
  11 bats
  3 frilled lizards
  10 gnoll zombies (Ossuary)
  5 jackal zombies (Ossuary)
  14 kobolds
  28 orc zombies
  4 rats
307 creatures vanquished.

Vanquished Creatures (collateral kills)
  2 gnolls (D:8)
  6 foxfires (D:1)
8 creatures vanquished.

Vanquished Creatures (others)
  Maurice (D:7)
  449 foxfires
450 creatures vanquished.

Grand Total: 765 creatures vanquished

Notes
Turn   | Place    | Note
-------+----------+-------------------------------------------
     0 | D:1      | bananaken the Gargoyle Fire Elementalist began the quest
                  | for the Orb.
     0 | D:1      | Reached XP level 1. HP: 10/10 MP: 3/3
   191 | D:1      | Reached XP level 2. HP: 15/15 MP: 1/5
   620 | D:1      | Reached skill level 2 in Conjurations
   621 | D:1      | Reached skill level 1 in Fighting
   621 | D:1      | Reached XP level 3. HP: 20/20 MP: 3/6
   798 | D:1      | Learned a level 2 spell: Scorch
  1180 | D:2      | Found Maeryu's Antique Armour Shop.
  1192 | D:2      | Reached XP level 4. HP: 21/26 MP: 3/7
  1273 | D:2      | Found Xeulez's Book Shoppe.
  1391 | D:2      | Found Neukeico's Weapon Boutique.
  1465 | D:2      | Noticed Jessica
  1469 | D:2      | Killed Jessica
  1470 | D:2      | Reached skill level 1 in Short Blades
  1530 | D:2      | Found a faded altar of an unknown god.
  1680 | D:2      | Found a runed translucent door.
  1681 | D:2      | Noticed Crazy Yiuf
  1724 | D:2      | Found Ikizate's Armour Emporium.
  1867 | D:2      | Found Ivupre Ufui's Jewellery Boutique.
  2057 | D:2      | Killed Crazy Yiuf
  2058 | D:2      | Reached XP level 5. HP: 17/31 MP: 2/8
  2393 | D:3      | Gained mutation: Your muscles are strong. (Str +4, Int/Dex
                  | -1) [potion of mutation]
  2393 | D:3      | Gained mutation: Your large and strong wings let you fly.
                  | [potion of mutation]
  2485 | D:3      | Found a bloodstained altar of Trog.
  2604 | D:3      | Found a white marble altar of Elyvilon.
  3221 | D:4      | Noticed an ogre
  3233 | D:4      | Killed an ogre
  3234 | D:4      | Reached XP level 6. HP: 37/37 MP: 2/9
  3346 | D:4      | Found a staircase to the Ecumenical Temple.
  3358 | Temple   | Entered the Ecumenical Temple
  3377 | Temple   | Became a worshipper of Vehumet
  3437 | D:4      | Found a sand-covered staircase.
  3479 | Ossuary  | Entered an ossuary
  3572 | Ossuary  | Reached XP level 7. HP: 35/41 MP: 7/10
  3752 | Ossuary  | Reached * piety under Vehumet
  3752 | Ossuary  | Offered knowledge of Kiss of Death by Vehumet.
  3802 | Ossuary  | Reached skill level 3 in Conjurations
  3802 | Ossuary  | Reached skill level 5 in Fire Magic
  4084 | D:4      | Reached XP level 8. HP: 48/48 MP: 8/11
  4618 | D:5      | Entered Level 5 of the Dungeon
  4664 | D:5      | Learned a level 4 spell: Flame Wave
  4740 | D:5      | Reached skill level 4 in Conjurations
  4742 | D:5      | Found a burning altar of Makhleb.
  4760 | D:5      | Reached skill level 5 in Fighting
  4892 | D:5      | Found a stormy altar of Qazlal.
  4900 | D:5      | Found a glowing silver altar of Zin.
  4931 | D:5      | Reached ** piety under Vehumet
  5040 | D:5      | Offered knowledge of Static Discharge by Vehumet.
  5044 | D:5      | Learned a level 2 spell: Static Discharge
  5114 | D:5      | Found Ciuck's Weapon Shop.
  5302 | D:6      | Noticed Dowan
  5310 | D:6      | Noticed Duvessa
  5318 | D:6      | Killed Dowan
  5324 | D:6      | Killed Duvessa
  5324 | D:6      | Noticed Grinder
  5336 | D:6      | Reached skill level 1 in Air Magic
  5350 | D:6      | Found a sacrificial altar of Ru.
  5358 | D:6      | Reached skill level 5 in Conjurations
  5358 | D:6      | Reached XP level 9. HP: 35/55 MP: 10/12
  5368 | D:6      | Killed Grinder
  5482 | D:6      | Reached skill level 5 in Short Blades
  5737 | D:6      | Found a shimmering blue altar of Sif Muna.
  5767 | D:6      | Offered knowledge of Searing Ray by Vehumet.
  6020 | D:6      | Reached skill level 6 in Conjurations
  6117 | D:7      | Noticed Maurice
  6125 | D:7      | Killed Maurice
  6126 | D:7      | Reached XP level 10. HP: 54/63 MP: 8/13
  6199 | D:7      | Reached *** piety under Vehumet
  6350 | D:7      | Found an ancient bone altar of Kikubaaqudgha.
  6595 | D:8      | Reached skill level 7 in Conjurations
  6656 | D:8      | Offered knowledge of Fulminant Prism by Vehumet.
  6977 | D:8      | Noticed a two-headed ogre
  6984 | D:8      | Killed a two-headed ogre
  6985 | D:8      | Reached skill level 8 in Conjurations
  6985 | D:8      | Reached skill level 1 in Evocations
  7169 | D:8      | Noticed Psyche
  7226 | D:8      | Killed Psyche
  7618 | D:8      | Reached XP level 11. HP: 52/68 MP: 6/14
  7622 | D:8      | Reached skill level 9 in Conjurations
  7729 | D:8      | Reached **** piety under Vehumet
  7811 | D:9      | Offered knowledge of Frozen Ramparts by Vehumet.
  7882 | D:9      | Reached skill level 1 in Maces & Flails
  7914 | D:9      | Found a staircase to the Lair.
  7955 | D:9      | Found a blossoming altar of Fedhas.
  8029 | D:9      | Found a runed translucent gate.
  8029 | D:9      | Found a runed translucent gate.
  8031 | D:9      | Found a runed translucent gate.
  8034 | D:9      | Noticed dynoo's ghost (novice TrCK)
  8058 | D:9      | Found a flagged portal.
  8168 | Bailey   | Entered a bailey
  8336 | Bailey   | Reached ***** piety under Vehumet
  8336 | Bailey   | Offered knowledge of Orb of Destruction by Vehumet.
  8525 | Bailey   | Found the amulet of the Air {Inacc Air Fly rElec RMsl}
  8536 | Bailey   | Identified the +3 scale mail "Jalitite" {MP-9 Str+2 Int+2}
  8707 | D:9      | Reached skill level 5 in Evocations
  8795 | D:9      | Reached skill level 10 in Conjurations
  8803 | D:9      | Noticed a two-headed ogre
  8824 | D:9      | Killed a two-headed ogre
  8834 | D:9      | Learned a level 7 spell: Orb of Destruction
  8897 | D:9      | Found a staircase to the Orcish Mines.
  9246 | D:9      | Slain by dynoo's ghost

Illustrated notes

Levels and vault maps discovered:
D:1:      amcnicky_arrival_feature_with_door, layout_rooms, serial_bayou,
          serial_bayou_pond_e, serial_bayou_pond_c, serial_bayou_ford_a,
          serial_bayou_lagoon_a, minmay_cupped
D:2:      layout_basic, serial_shops, shop, shop,
          nicolae_shop_tiny_real_fake_doors, shop, nicolae_shop_gaudy_bauble,
          nicolae_ecumenical_snake_handling, uniq_jessica,
          uniq_crazy_yiuf_cottage
D:3:      layout_basic, lemuel_crystal_altar, overflow_temple_1_default
D:4:      layout_gridville, minmay_temple_entry_junction_2,
          gup_ossuary_entry_pyramid
D:5:      layout_loops_cross, general_overflow_altar,
          mainiacjoe_overflow_big_doors, serial_shops, nicolae_shop_tiny_glass
D:6:      layout_cave_pools, marbit_many_paths,
          mainiacjoe_overflow_small_starburst, st_stairs_4,
          eino_small_chamber_without_monster, uniq_grinder, uniq_duvessa
D:7:      layout_gridville, nicolae_overflow_crystal_walls, uniq_maurice
D:8:      layout_loops_cross, nicolae_figureground_pulse, uniq_psyche
D:9:      layout_small_grid, fedhas_ov_isle_minmay, due_lair_maze_entry_diamond,
          orc_0_dummy, gammafunk_ghost_necromancy, enter_bailey_3
Temple:   nicolae_temple_slightly_damp_pantheon

Skill      XL: |  1  2  3  4  5  6  7  8  9 10 11 |
---------------+----------------------------------+-----
Conjurations   | 2 3 5 6 8 10 | 10.4
Fighting       | 1 2 3 4 5 7 8 |  8.1
Short Blades   | 1 2 3 4 5 7 8 |  8.4
Dodging        | 2 3 |  3.0
Fire Magic     | 4 5 6 |  6.0
Air Magic      | 1 3 4 |  4.0
Evocations     | 3 5 |  5.0
Maces & Flails | 3 |  3.0
Spellcasting   | 3 |  3.5
Stealth        | |  2.1

Action                     |  1- 3 |  4- 6 |  7- 9 | 10-12 || total
---------------------------+-------+-------+-------+-------++-------
  Melee: Unarmed           |     2 |       |       |       ||     2
         Short sword       |    33 |    34 |       |       ||    67
         Dagger            |       |    47 |   103 |   135 ||   285
         Whip              |       |       |       |    19 ||    19
   Cast: Foxfire           |    43 |    66 |   117 |    43 ||   269
         Scorch            |     4 |    21 |    66 |    47 ||   138
         Static Discharge  |       |       |     6 |    82 ||    88
         Flame Wave        |       |       |     8 |    21 ||    29
  Evoke: Wand              |       |       |    15 |     4 ||    19
    Use: Potion            |       |     2 |     1 |     8 ||    11
         Scroll            |       |       |     2 |    12 ||    14
   Stab: Sleeping          |     1 |       |     2 |     1 ||     4
 Armour: Robe              |    28 |    70 |    88 |   259 ||   445
         Skin              |       |       |       |    19 ||    19
  Dodge: Dodged            |    40 |    81 |   152 |   228 ||   501

Table legend: (Time is in decaauts)
 A = Elapsed time spent in this place.
 B = Non-inter-level travel time spent in this place.
 C = Inter-level travel time spent in this place.
 D = Time resting spent in this place.
 E = Time spent auto-exploring this place.
 F = Levels seen in this place.
 G = Mean time per level.
                   A        B        C        D        E       F      G
               +--------+--------+--------+--------+--------+-----+--------+
         Total |   9179 |   8900 |    279 |   1628 |   4855 |  12 |  764.9 |
       Dungeon |   8286 |   8043 |    243 |   1448 |   4708 |   9 |  920.7 |
        Temple |     38 |      2 |     36 |      0 |      0 |   1 |   38.0 |
       Ossuary |    425 |    425 |      0 |    119 |      1 |   1 |  425.0 |
        Bailey |    428 |    428 |      0 |     61 |    146 |   1 |  428.0 |
               +--------+--------+--------+--------+--------+-----+--------+

Top non-repeatable levels by time:
     D:8: 1232 daAuts
     D:1: 1145 daAuts
     D:3: 1056 daAuts
     D:2: 1038 daAuts
     D:4: 919 daAuts
     D:9: 909 daAuts
     D:6: 771 daAuts
     D:5: 681 daAuts
     D:7: 531 daAuts
  Bailey: 428 daAuts
 Ossuary: 425 daAuts
  Temple: 38 daAuts
